 Dungeon Crawl Stone Soup version 0.24.1-14-gf8d2b509d9 (webtiles) character file.

Game seed: 18084132162235849681, levelgen mode: deterministic

158 Hugehornet the Cudgeler (level 5, -5/32 HPs)
             Began as a Gargoyle Fighter on May 18, 2020.
             Killed by divine providence
             ... invoked by an orc priest
              (13 damage)
             ... on level 3 of the Dungeon.
             The game lasted 00:03:12 (2682 turns).

Hugehornet the Cudgeler (Gargoyle Fighter)          Turns: 2682, Time: 00:03:13

Health: -5/32      AC: 12    Str: 21    XL:     5   Next: 39%
Magic:  5/5        EV:  7    Int:  8    God:
Gold:   132        SH:  9    Dex:  9    Spells: 4/4 levels left

rFire    . . .     SeeInvis .   a - +0 flail
rCold    . . .     Gourm    .   c - +0 shield
rNeg     + . .     Faith    .   b - +0 scale mail
rPois    ∞         Spirit   .   (no helmet)
rElec    +         Reflect  .   p - +0 cloak
rCorr    .         Harm     .   (no gloves)
MR       .....                  (no boots)
Stlth    ..........             (no amulet)
HPRegen  0.10/turn              (no ring)
MPRegen  0.09/turn              (no ring)

@: no status effects
A: negative energy resistance 1, electricity resistance, unbreathing,
petrification resistance, rot immunity, AC +4
a: no special abilities


You were on level 3 of the Dungeon.
You were not hungry.

You visited 1 branch of the dungeon, and saw 3 of its levels.

You collected 132 gold pieces.

Inventory:

Hand Weapons
 a - a +0 flail (weapon)
Armour
 b - a +0 scale mail (worn)
 c - a +0 shield (worn)
 p - a +0 cloak (worn)
Wands
 n - a wand of random effects (15)
 o - a wand of flame (22)
Scrolls
 e - 3 scrolls of teleportation
 g - a scroll of noise {unknown}
 h - a scroll of magic mapping
 j - a scroll of fog {unknown}
 l - a scroll of enchant weapon {unknown}
 m - 2 scrolls of immolation {unknown}
Potions
 d - a potion of might
 i - 2 potions of curing
 k - 2 potions of flight
Comestibles
 f - 3 rations


   Skills:
 - Level 3.2 Fighting
 + Level 5.4 Maces & Flails
 - Level 3.2 Armour
 - Level 3.2 Shields


You had 4 spell levels left.
You didn't know any spells.
Your spell library was empty.

Dungeon Overview and Level Annotations

Branches:
Dungeon (3/15)

Altars:
Qazlal


Innate Abilities, Weirdness & Mutations

You are resistant to torment.
Your stone body is resilient. (AC +4)
You are immune to poison.
You resist negative energy. (rN+)
You are resistant to electric shocks. (rElec)
You can survive without breathing.
You are immune to petrification.
You are immune to rotting.


Message History

You are too injured to fight recklessly!
You are too injured to fight recklessly!
You are too injured to fight recklessly!
You barely miss the orc priest.
The orc priest is moderately wounded.
You block the orc priest's attack.
You hit the orc priest but do no damage.
The orc priest is moderately wounded.
The orc priest barely misses you.
You completely miss the orc priest.
The orc priest is moderately wounded.
The orc priest barely misses you.
You barely miss the orc priest.
The orc priest is moderately wounded.
You block the orc priest's attack.
You closely miss the orc priest.
The orc priest is moderately wounded.
The orc priest calls down the wrath of Beogh upon you.
Beogh smites you!
You die...

,,** *,,*** *,,,,,,,,,*
,8*
**,,,*********,,...,,,,*
***
***,,,,,,<,,,,,...,,,,*
*****
***********,....,,,,*
,,,,**** *.....,,,,* ***
,,*,,,,*******
*#.....,,,,* *,,
******,,,,,,,*
*#....,,,,,,* *,, *
******#,####o.#*********
*,, ** ##.#..@.#* *,, ,*
*#....)### *,, ,*
*#..###)##### *,, ,*
***.,** #.))..## *,, ,*
*,,,** #####..## *,, ,*
**,*** ##..# **,
,*****,,* ##.# **,
,,,,,,,** #.# *,,
,,,,**** #.### *,*


You could see an orc priest.

Vanquished Creatures
  Crazy Yiuf (D:2)
  Jessica (D:2)
  An adder (D:2)
  2 oozes
  2 worms (D:3)
  4 dart slugs
  8 orcs (D:3)
  2 bats
  5 giant cockroaches
  5 hobgoblins
  2 quokkas
  A ball python (D:3)
  14 frilled lizards
  8 goblins
  8 kobolds
  5 rats
69 creatures vanquished.

Notes
Turn   | Place    | Note
-------+----------+-------------------------------------------
     0 | D:1      | Hugehornet the Gargoyle Fighter began the quest for the
                  | Orb.
     0 | D:1      | Reached XP level 1. HP: 14/14 MP: 1/1
   131 | D:1      | Reached XP level 2. HP: 18/19 MP: 2/2
   178 | D:1      | Reached skill level 3 in Maces & Flails
   550 | D:1      | Reached XP level 3. HP: 23/23 MP: 3/3
  1355 | D:2      | Reached skill level 4 in Maces & Flails
  1437 | D:2      | Reached XP level 4. HP: 28/28 MP: 4/4
  1717 | D:2      | Noticed Jessica
  1723 | D:2      | Killed Jessica
  1802 | D:2      | Found a runed translucent door.
  1803 | D:2      | Noticed Crazy Yiuf
  2125 | D:2      | Killed Crazy Yiuf
  2125 | D:2      | Reached skill level 5 in Maces & Flails
  2125 | D:2      | Reached XP level 5. HP: 8/32 MP: 1/5
  2431 | D:3      | Found a stormy altar of Qazlal.
  2682 | D:3      | Killed from afar by an orc priest

Levels and vault maps discovered:
D:1:      dpeg_arrival_ternary, layout_basic, wad_floor_pattern_1,
          columned_hall_lemuel
D:2:      layout_basic, first_ration, minmay_lizard_pond,
          uniq_crazy_yiuf_cottage, uniq_jessica
D:3:      layout_rooms, nicolae_overflow_hidden_temple,
          nicolae_qazlal_eye_of_the_storm

Skill      XL: |  1  2  3  4 |
---------------+-------------+-----
Maces & Flails | 3 4 5 |  5.4
Fighting       | |  3.2
Armour         | |  3.2
Shields        | |  3.2

Action                   |  1- 3 |  4- 6 || total
-------------------------+-------+-------++-------
Melee: Flail             |   150 |   147 ||   297
  Use: Scroll            |       |     4 ||     4
  Eat: Chunk             |     2 |     4 ||     6
Armor: Scale mail        |    94 |    65 ||   159
Dodge: Dodged            |    47 |    38 ||    85
Block: Shield            |    77 |    61 ||   138
